 Dungeon Crawl Stone Soup version 0.30-a0-953-g5f1da4a474 (webtiles) character file.

Game seed: 11969238743823090900

26 jasper the Conjurer (level 3, 0/22 HPs)
             Began as a Gargoyle Reaver on Mar 28, 2023.
             Slain by a worm (6 damage)
             ... on level 2 of the Dungeon.
             The game lasted 00:01:22 (652 turns).

jasper the Conjurer (Gargoyle Reaver)                Turns: 652, Time: 00:01:23

Health: 0/22       AC:  8    Str: 15    XL:     3   Next: 8%
Magic:  6/6        EV: 10    Int: 13    God:
Gold:   71         SH:  0    Dex: 10    Spells: 5/6 levels left

rFire   . . .      SeeInvis .    i - +0 war axe
rCold   . . .      Faith    .    (no shield)
rNeg    + . .      Spirit   .    e - +0 ring mail
rPois   ∞          Reflect  .    (no helmet)
rElec   +          Rampage  .    (no cloak)
rCorr   .                        (no gloves)
Will    .....                    (no boots) Stlth
                                 (no amulet)
HPRegen 0.23/turn                (no ring)
MPRegen 0.10/turn                (no ring)

@: no status effects
A: sickness immunity, AC +3, negative energy resistance 1, electricity
resistance, torment resistance 1, petrification resistance
a: no special abilities


You were on level 2 of the Dungeon.
You visited 1 branch of the dungeon, and saw 2 of its levels.

You collected 71 gold pieces.

Inventory:

Hand Weapons
 a - a +0 hand axe
 i - a +0 war axe (weapon)
Armour
 b - a +0 leather armour
 e - a +0 ring mail (worn)
Jewellery
 g - an amulet of faith
Scrolls
 c - 2 scrolls of identify {unknown}
 d - 2 scrolls of enchant armour {unknown}
 h - a scroll of teleportation {unknown}
 j - a scroll of blinking {unknown}
Potions
 f - a potion of might {unknown}
 k - 2 potions of heal wounds {unknown}


   Skills:
 + Level 2.6 Fighting
 * Level 3.1 Axes
 + Level 1.0 Armour
 + Level 1.9 Dodging
 - Level 2.0 Spellcasting
 - Level 3.2 Conjurations


You had 5 spell levels left.
You knew the following spells:

 Your Spells              Type           Power      Damage    Failure   Level
a - Kiss of Death         Conj/Necr      20%        2d7       26%         1

Your spell library contained the following spells:

 Spells                   Type           Power      Damage    Failure   Level
 Momentum Strike          Conj/Tloc      10%        3d8       36%         2
 Apportation              Tloc           2%         N/A       45%         1
 Necrotise                Necr           4%         1d4       45%         1
 Summon Small Mammal      Summ           4%         N/A       45%         1
 Hailstorm                Conj/Ice       5%         3d4       61%         3


Dungeon Overview and Level Annotations

Branches:
Dungeon (2/15)

Altars:


Innate Abilities, Weirdness & Mutations

You are immune to sickness and miasma.
Your stone body is resilient. (AC +3)
You are immune to poison.
You resist negative energy. (rN+)
You are resistant to electric shocks. (rElec)
You are resistant to unholy torment.
You are immune to petrification.


Message History

You swing at nothing.
The bat hits you but does no damage. x2
You slash the bat!
You kill the bat!
You swing at nothing.
You swing at nothing.
You swing at nothing.
You swing at nothing.
You swing at nothing.
You swing at nothing.
You swing at nothing.
You swing at nothing.
You swing at nothing.
You swing at nothing.
You swing at nothing.
j - a scroll labelled MISUUH SUCOB;
k - 2 white potions You open the door.
A worm comes into view.
A worm is nearby!
You hit the worm.
The worm is moderately wounded.
The worm bites you!
You take 7 damage, and have 15/22 hp.
MASSIVE DAMAGE!!
You barely miss the worm.
The worm is moderately wounded.
The worm bites you.
You take 4 damage, and have 11/22 hp.
You hit the worm.
The worm is moderately wounded.
The worm bites you.
* * * LOW HITPOINT WARNING * * *
You take 6 damage, and have 5/22 hp.
MASSIVE DAMAGE!!
You slash the worm!
The worm is severely wounded.
You barely miss the worm.
The worm is heavily wounded.
The worm closely misses you.
You hit the worm.
The worm is severely wounded.
The worm bites you.
You die...

#.........#
+.........+
......... .......
..... ... #'#
######w##
#.....@.###########
#.#####............
#..########## #..#
## #..# #..#####..#
#.........#
.###.....# ###.#.#


You could see a worm.

Vanquished Creatures
  An endoplasm (D:1)
  A giant cockroach (D:1)
  A goblin (D:1)
  4 hobgoblins (D:1)
  4 kobolds (D:1)
  2 quokkas (D:1)
  2 ball pythons (D:1)
  4 bats
  3 frilled lizards
  2 rats (D:1)
24 creatures vanquished.

Notes
Turn   | Place    | Note
-------+----------+-------------------------------------------
     0 | D:1      | jasper the Gargoyle Reaver began the quest for the Orb.
     0 | D:1      | Reached XP level 1. HP: 12/12 MP: 3/3
    71 | D:1      | Reached XP level 2. HP: 18/18 MP: 5/5
   412 | D:1      | Reached skill level 1 in Armour
   519 | D:1      | Reached XP level 3. HP: 20/22 MP: 6/6
   652 | D:2      | Slain by a worm

Illustrated notes

Levels and vault maps discovered:
D:1:      dpeg_arrival_simpleton_a, layout_rooms, hangedman_decor_growths
D:2:      minmay_wonky_spiral, layout_loops_corners

Skill      XL: |  1  2 |
---------------+-------+-----
Axes           | 3 |  3.1
Armour         | 1 |  1.0
Fighting       | |  2.6
Dodging        | |  1.9
Spellcasting   | |  2.0
Conjurations   | |  3.2

Action                     || total
---------------------------++-------
  Melee: Hand axe          ||    50
         Punch             ||     1
         War axe           ||    16
 Armour: Leather armour    ||     8
         Ring mail         ||    31
  Dodge: Dodged            ||    43

Table legend: (Time is in decaauts)
 A = Elapsed time spent in this place.
 B = Non-inter-level travel time spent in this place.
 C = Inter-level travel time spent in this place.
 D = Time resting spent in this place.
 E = Time spent auto-exploring this place.
 F = Levels seen in this place.
 G = Mean time per level.
                   A        B        C        D        E       F      G
               +--------+--------+--------+--------+--------+-----+--------+
         Total |    675 |    649 |     26 |     31 |    360 |   2 |  337.5 |
       Dungeon |    675 |    649 |     26 |     31 |    360 |   2 |  337.5 |
               +--------+--------+--------+--------+--------+-----+--------+

Top non-repeatable levels by time:
     D:1: 583 daAuts
     D:2: 92 daAuts
